 Dungeon Crawl Stone Soup version 0.28-a0-503-g83f2989fac (webtiles) character file.

Game seed: 3855138607524565963

1210 SkeletonJelly the Chopper (level 8, -8/76 HPs)
             Began as a Deep Dwarf Fighter on Sept 21, 2021.
             Was an Initiate of Makhleb.
             Mangled by Duvessa (17 damage)
             ... on level 5 of the Dungeon.
             The game lasted 00:06:15 (3454 turns).

SkeletonJelly the Chopper (Deep Dwarf Fighter)      Turns: 3454, Time: 00:06:15

Health: -8/76      AC:  8    Str: 22    XL:     8   Next: 22%
Magic:  5/5        EV: 14    Int:  9    God:    Makhleb [......]
Gold:   344        SH:  5    Dex: 12    Spells: 7/7 levels left

rFire   . . .      SeeInvis .   a - +0 war axe
rCold   + . .      Faith    .   c - +0 buckler
rNeg    . . .      Spirit   .   b - +0 scale mail
rPois   .          Reflect  .   (no helmet)
rElec   .          Harm     .   (no cloak)
rCorr   .          Rampage  .   f - +0 pair of gloves
Will    +....                   (no boots)
Stlth   ..........              e - amulet of the acrobat
HPRegen 0.00/turn               h - ring of protection from cold
MPRegen 0.09/turn               s - +4 ring of evasion

@: mighty, lethally poisoned (-8 -> -8), lit by a corona, glowing
A: damage resistance, heal wounds, sense surroundings 1, no regeneration
a: Heal Wounds, Renounce Religion


You were on level 5 of the Dungeon.
You worshipped Makhleb.
Makhleb was noncommittal.
You visited 2 branches of the dungeon, and saw 6 of its levels.

You collected 344 gold pieces.

Inventory:

Hand Weapons
 a - a +0 war axe (weapon)
 r - a +2 vorpal flail
Missiles
 l - 3 throwing nets
Armour
 b - a +0 scale mail (worn)
 c - a +0 buckler (worn)
 f - a +0 pair of gloves (worn)
Jewellery
 e - an amulet of the acrobat (around neck)
 h - a ring of protection from cold (left hand)
 i - a ring of magical power
 s - a +4 ring of evasion (right hand)
Wands
 v - a wand of paralysis (10)
Scrolls
 j - 10 scrolls of identify {unknown}
 k - a scroll of brand weapon {unknown}
 n - a scroll of noise {unknown}
 o - a scroll of immolation {unknown}
 q - a scroll of enchant weapon {unknown}
 t - a scroll of teleportation {unknown}
 u - a scroll of holy word {unknown}
 w - a scroll of fear {unknown}
Potions
 g - 2 potions of heal wounds {unknown}
 m - a potion of resistance {unknown}
 p - a potion of mutation {unknown}


   Skills:
 * Level 6.1 Fighting
 * Level 7.0 Axes
 + Level 5.6 Armour
 + Level 1.0 Dodging
 - Level 4.0 Shields


You had 7 spell levels left.
You didn't know any spells.
Your spell library was empty.

Dungeon Overview and Level Annotations

Branches:
Dungeon (5/15)             Temple (1/1) D:5

Altars:
Ashenzari
Cheibriados
Dithmenos
Elyvilon
Fedhas
Gozag
Hepliaklqana
Kikubaaqudgha
Makhleb
Nemelex Xobeh
Okawaru
Qazlal
Ru
Sif Muna
Trog
Uskayaw
Vehumet
Wu Jian
Xom
Yredelemnul
Zin
The Shining One

Shops:
D:2 =

Annotations:
D:5 Duvessa


Innate Abilities, Weirdness & Mutations

You are resistant to damage.
You can heal yourself by infusing magical energy.
You passively map a small area around you.
You do not regenerate.


Message History

The puff of frost misses you.
You slash the white imp!
You kill the white imp!
Makhleb accepts your kill.
No target in view!
No target in view!
No target in view!
No target in view!
No target in view!
v - a wand of paralysis (16) (gained 6 charges) Dowan, Brother of Duvessa comes into view.
He is wielding a +0 dagger.
Dowan shouts!
Dowan is nearby!
Dowan is nearby!
Dowan is nearby!
Dowan is nearby!
Duvessa, Sister of Dowan comes into view.
She is wielding a +1 rapier of distortion.
Found a ring mail.
Duvessa shouts!
You feel much better.
You regained 21 hp, and now have 62/76 hp.
You feel very mighty all of a sudden.
Dowan points at you and mumbles some strange words.
You block the puff of frost.
You closely miss Dowan.
Dowan points at you and mumbles some strange words.
You are outlined in light.
An orc comes into view. It is wielding a +1 dagger of venom.
The orc shouts!
You slash Dowan!
Dowan is severely wounded.
You slash Duvessa! Dowan hits you with a +0 dagger. Duvessa misses you.
Dowan closely misses you.
You take 2 damage, and have 60/76 hp.
You closely miss Dowan.
Dowan is severely wounded.
You slash Duvessa! Duvessa barely misses you. You block Dowan's attack.
Duvessa hits you but does no damage. Space warps horribly around you!
You take 13 damage, and have 47/76 hp.
You slash Dowan!
You kill Dowan!
Makhleb accepts your kill.
Duvessa weeps, then rights herself and shakes her weapon.
Duvessa goes berserk!
You hit Duvessa. Duvessa barely misses you.
Your Axes skill increases to level 7!
Your Dodging skill increases to level 1!
You barely miss Duvessa.
Duvessa is heavily wounded.
You block Duvessa's attack.
Duvessa hits you with a +1 rapier of distortion!!
You blink.
You take 16 damage, and have 31/76 hp.
MASSIVE DAMAGE!!
You are too injured to fight recklessly!
You are too injured to fight recklessly!
You are too injured to fight recklessly!
You are too injured to fight recklessly!
You are too injured to fight recklessly!
You are too injured to fight recklessly!
You hear a shout!
Aiming: Paralyse
Press: ? - help, Shift-Dir - straight line, f - Duvessa
Aim: Duvessa, wielding a +1 rapier of distortion and wearing a +0 scale mail (heavily wounded, berserk, chance to affect: 28%) Duvessa easily resists.
Aiming: Paralyse
Press: ? - help, Shift-Dir - straight line, f/p - Duvessa
Aim: Duvessa, wielding a +1 rapier of distortion and wearing a +0 scale mail (heavily wounded, berserk, chance to affect: 28%) Duvessa easily resists.
Aiming: Paralyse
Press: ? - help, Shift-Dir - straight line, f/p - Duvessa
Aim: Duvessa, wielding a +1 rapier of distortion and wearing a +0 scale mail (heavily wounded, berserk, chance to affect: 28%) Duvessa easily resists.
Duvessa hits you with a +1 rapier of distortion.
Space bends around you.
You take 3 damage, and have 28/76 hp.
Aiming: Paralyse
Press: ? - help, Shift-Dir - straight line, f/p - Duvessa
Aim: Duvessa, wielding a +1 rapier of distortion and wearing a +0 scale mail (heavily wounded, berserk, chance to affect: 28%) Duvessa easily resists.
Duvessa hits you with a +1 rapier of distortion.
Space bends around you.
An orc comes into view. It is wielding a +0 mace.
You take 4 damage, and have 24/76 hp.
Aiming: Paralyse
Press: ? - help, Shift-Dir - straight line, f/p - Duvessa
Aim: Duvessa, wielding a +1 rapier of distortion and wearing a +0 scale mail (heavily wounded, berserk, chance to affect: 28%) Duvessa easily resists.
Duvessa hits you with a +1 rapier of distortion!
* * * LOW HITPOINT WARNING * * *
You blink.
The orc hits you with a +1 dagger of venom.
You are poisoned.
You take 11 damage, and have 13/76 hp.
Aiming: Paralyse
Press: ? - help, Shift-Dir - straight line, f/p - Duvessa
Aim: Duvessa, wielding a +1 rapier of distortion and wearing a +0 scale mail (heavily wounded, berserk, chance to affect: 28%) Duvessa easily resists.
Duvessa hits you with a +1 rapier of distortion.
* * * LOW HITPOINT WARNING * * *
Space warps horribly around you!!
You die...

############.##.##
#.##..# #.##..# ,
#.##..# * #.##..# **
* #.##..# * #
#.##..# #
##...o.#######.# #
#..#.e@..o....[# #
#.###..........# #
#..#..##########
############...#####
* *
....................
,, *
############.#######
* * # #.#* * # #.. ,
# ##.#


You could see Duvessa (berserk) and 2 orcs.

Vanquished Creatures
  Grinder (D:3)
  Sigmund (D:3)
  Eustachio (D:4)
  A black bear (D:5)
  Dowan (D:5)
  A water moccasin skeleton (D:5)
  3 wights (D:5)
  A centaur zombie (D:4)
  A hound (D:4)
  2 centaur skeletons (D:5)
  An iguana (D:4)
  3 orc wizards (D:5)
  7 gnolls (D:3)
  5 adders
  A white imp (D:5)
  2 worms (D:2)
  A dart slug (D:1)
  3 orcs
  5 ball pythons
  6 endoplasms
  A giant cockroach (D:3)
  4 goblins
  5 hobgoblins
  7 jackals
  6 kobolds
  2 quokkas (D:2)
  6 bats
  3 frilled lizards
  6 rats
87 creatures vanquished.

Notes
Turn   | Place    | Note
-------+----------+-------------------------------------------
     0 | D:1      | SkeletonJelly the Deep Dwarf Fighter began the quest for
                  | the Orb.
     0 | D:1      | Reached XP level 1. HP: 20/20 MP: 1/1
    40 | D:1      | Reached XP level 2. HP: 22/27 MP: 2/2
   502 | D:1      | You fall into a shaft and drop 1 floor!
   546 | D:2      | Reached XP level 3. HP: 26/34 MP: 3/3
   593 | D:2      | Reached skill level 3 in Axes
   680 | D:2      | Found a faded altar of an unknown god.
   735 | D:2      | Found Zyb Ram's Jewellery Shoppe.
  1028 | D:1      | Reached XP level 4. HP: 31/42 MP: 4/4
  1590 | D:3      | Noticed Sigmund
  1793 | D:3      | Noticed Grinder
  1808 | D:3      | Paralysed by Grinder for 3 turns
  1817 | D:3      | Killed Sigmund
  1818 | D:3      | Reached skill level 4 in Axes
  1818 | D:3      | Reached XP level 5. HP: 24/50 MP: 4/4
  1821 | D:3      | Killed Grinder
  1822 | D:3      | Reached skill level 5 in Axes
  1822 | D:3      | Reached XP level 6. HP: 27/58 MP: 5/5
  2291 | D:4      | Reached XP level 7. HP: 44/66 MP: 5/5
  2326 | D:4      | Reached skill level 5 in Fighting
  2372 | D:4      | Found a radiant altar of Vehumet.
  2438 | D:4      | Noticed Eustachio
  2445 | D:4      | Killed Eustachio
  2446 | D:4      | Reached skill level 6 in Axes
  2446 | D:4      | Reached skill level 5 in Armour
  2840 | D:5      | Entered Level 5 of the Dungeon
  2980 | D:5      | Reached XP level 8. HP: 43/76 MP: 5/5
  3083 | D:5      | Found a staircase to the Ecumenical Temple.
  3097 | Temple   | Entered the Ecumenical Temple
  3310 | Temple   | Became a worshipper of Makhleb the Destroyer
  3438 | D:5      | Noticed Dowan
  3439 | D:5      | Noticed Duvessa
  3446 | D:5      | Killed Dowan
  3447 | D:5      | Reached skill level 7 in Axes
  3447 | D:5      | Reached skill level 1 in Dodging
  3454 | D:5      | Mangled by Duvessa

Illustrated notes

Levels and vault maps discovered:
D:1:      dpeg_arrival_arbitrary_b, layout_basic
D:2:      layout_basic, hellmonk_ecumenical_altar_arch_garden, serial_shops,
          shop
D:3:      layout_loops_ring, uniq_sigmund, uniq_grinder
D:4:      layout_rooms, nicolae_vehumet_altar_sigil, minmay_hedge_maze,
          kennysheep_generic_room_13, uniq_eustachio
D:5:      layout_loops_ring, minmay_temple_entry_nine_rooms, serial_shops,
          nicolae_shop_crystal, minmay_fractal_squares_gapless_5, uniq_duvessa
Temple:   compressed_dpeg_triangle_lava_temple

Skill      XL: |  1  2  3  4  5  6  7  8 |
---------------+-------------------------+-----
Fighting       | 3 4 5 6 |  6.1
Axes           | 3 4 5 6 7 |  7.0
Armour         | 4 5 |  5.6
Shields        | 4 |  4.0
Dodging        | 1 |  1.0

Action                   |  1- 3 |  4- 6 |  7- 9 || total
-------------------------+-------+-------+-------++-------
Melee: War axe           |   124 |    64 |   103 ||   291
 Abil: Heal Wounds       |     1 |     2 |     4 ||     7
Evoke: Wand              |       |       |     6 ||     6
  Use: Potion            |       |     1 |     1 ||     2
Armor: Scale mail        |    58 |    36 |    38 ||   132
Dodge: Dodged            |    73 |    40 |    70 ||   183
Block: Buckler           |    34 |    22 |    26 ||    82

Table legend: (Time is in decaauts)
 A = Elapsed time spent in this place.
 B = Non-inter-level travel time spent in this place.
 C = Inter-level travel time spent in this place.
 D = Time resting spent in this place.
 E = Time spent auto-exploring this place.
 F = Levels seen in this place.
 G = Mean time per level.
                   A        B        C        D        E       F      G
               +--------+--------+--------+--------+--------+-----+--------+
         Total |   3540 |   3358 |    182 |      0 |   2650 |   6 |  590.0 |
       Dungeon |   3316 |   3143 |    173 |      0 |   2456 |   5 |  663.2 |
        Temple |    223 |    214 |      9 |      0 |    194 |   1 |  223.0 |
               +--------+--------+--------+--------+--------+-----+--------+

Top non-repeatable levels by time:
     D:1: 1139 daAuts
     D:3: 619 daAuts
     D:2: 583 daAuts
     D:4: 574 daAuts
     D:5: 400 daAuts
  Temple: 223 daAuts
